[Event "Early-Titled-Tuesday-Blitz-October-24-2023"]
[Site "Chess.com"]
[Date "2023.10.24"]
[Round "3"]
[White "I_am_Javi"]
[Black "Maect19"]
[Result "1-0"]
[WhiteElo "2799"]
[BlackElo "2281"]
[TimeControl "180+1"]
[EndTime "8:26:11 PDT"]
[Termination "I_am_Javi won by resignation"]

1. e4 e5 2. Nf3 Nc6 3. d4 exd4 4.
Bc4 Nf6 5. O-O Nxe4 6. Re1 d5 7. Bxd5 Qxd5 8. Nc3 Qa5 9. Nxe4 Be6 10. Bd2 Qf5 11.
Bg5 h6 12. Bh4 Be7 13. Bxe7 Nxe7 14. Nxd4 Qg6 15. Nxe6 Qxe6 16. Nc5 Qd6 17. Qxd6 cxd6 18. Nxb7 Kd7 19. Rad1 Nc8 20. Nc5+ Kc6 21. Nb3 a5 22. c4 Nb6 23. Nd4+ Kc5 24. b3 g6 25. Nb5 d5 26.
Nc7 Rad8 27. cxd5 Rd7 28. Rc1+ Kb4 29. Re4+ Ka3 30. Nb5+ Kb2 31. Rd1 Rxd5 32. Re2+ 1-0

[Event "Early-Titled-Tuesday-Blitz-October-24-2023"]
[Site "Chess.com"]
[Date "2023.10.24"]
[Round "3"]
[White "vugarrasulov"]
[Black "pedro_gines"]
[Result "1-0"]
[WhiteElo "3001"]
[BlackElo "2741"]
[TimeControl "180+1"]
[EndTime "8:26:14 PDT"]
[Termination "vugarrasulov won by resignation"]

1. e4 c6 2. d4 d5 3. e5 Bf5 4.
Nd2 e6 5. Nb3 Nd7 6. Nf3 c5 7.
dxc5 Bxc5 8. Nxc5 Qa5+ 9. c3 Qxc5 10. Be3 Qc7 11. Bb5 Ne7 12. O-O Bg4 13. Qa4 Bxf3 14. gxf3 Nc6 15. Qg4 Ncxe5 16. Qg3 O-O-O 17. Bxa7 Qa5 18. Bxd7+ Nxd7 19. Be3 Qc7 20. a4 h5 21. a5 Qxg3+ 22. hxg3 Nb8 23. b4 Kd7 24. b5 Rc8 25. a6 bxa6 26. bxa6 Nc6 27. a7 Ra8 28. Rfb1 Rhc8 29. Ra6 Rc7 30. Kg2 e5 31. Rb5 d4 32. cxd4 exd4 33. Bxd4 Nxd4 34. Rd5+ Ke7 35. Rxd4 Rcxa7 36. Rc6 g6 37. Rf4 Ke8 38. Kh3 Rd7 39. Kh4 Ra2 40. Kg5 Rxf2 41. Kf6 Re2 42. Rc8+ Rd8 43. Rxd8+ Kxd8 44.
Kxf7 Rg2 45. Rd4+ Kc7 46. g4 Rf2 47. g5 Rxf3+ 48. Kxg6 1-0

[Event "Early-Titled-Tuesday-Blitz-October-24-2023"]
[Site "Chess.com"]
[Date "2023.10.24"]
[Round "3"]
[White "Szparu"]
[Black "Beca95"]
[Result "0-1"]
[WhiteElo "2697"]
[BlackElo "2942"]
[TimeControl "180+1"]
[EndTime "8:26:16 PDT"]
[Termination "Beca95 won by checkmate"]

1. e4 e5 2. Nf3 Nc6 3. Nc3 Nf6 4. Bb5 Bc5 5. O-O O-O 6. Nxe5 Nxe5 7. d4 Bd6 8. f4 Nc6 9. e5 Be7 10. d5 Ne8 11. dxc6 bxc6 12. Bd3 d6 13. Qh5 g6 14.
Qh6 Ng7 15. Be3 d5 16. Ne2 c5 17. c3 Bf5 18. Bxf5 Nxf5 19. Qh3 h5 20. Bf2 Qc8 21. Ng3 Ng7 22. f5 Nxf5 23. Nxf5 Qxf5 24. Qxf5 gxf5 25. Be3 Kg7 26. Rxf5 Kg6 27. Raf1 c4 28. R5f3 h4 29. Rf4 f5 30. exf6 Rxf6 31. Rg4+ Kf7 32. Bg5 Bc5+ 33. Kh1 Rxf1# 0-1

[Event "Early-Titled-Tuesday-Blitz-October-24-2023"]
[Site "Chess.com"]
[Date "2023.10.24"]
[Round "3"]
[White "AsaHoffmann"]
[Black "mariaesthergranados"]
[Result "1-0"]
[WhiteElo "2388"]
[BlackElo "2163"]
[TimeControl "180+1"]
[EndTime "8:26:17 PDT"]
[Termination "AsaHoffmann won on time"]

1. d4 Nf6 2. Bg5 c5 3. d5 d6 4. Nc3 e6 5. e4 Be7 6. Nf3 O-O 7. dxe6 Bxe6 8. e5 dxe5 9. Nxe5 Nd5 10. Bxe7 Nxe7 11.
Be2 Nbc6 12. Nd3 b6 13. Bf3 Rc8 14. Nf4 Bc4 15. Be2 Bxe2 16. Nfxe2 Qc7 17. O-O Rfd8 18. Qc1 Nf5 19. Qg5 Nfd4 20. Ng3 h6 21. Qh4 Nxc2 22. Rac1 N2d4 23. Nce4 Qe5 24. Rfe1 Re8 25. h3 f5 26. Nc3 Qxe1+ 27. Rxe1 Rxe1+ 28. Kh2 Rf8 29. Nh5 Ne5 30. Qg3 g5 31. f4 Ne2 32. Qxe1 1-0

[Event "Early-Titled-Tuesday-Blitz-October-24-2023"]
[Site "Chess.com"]
[Date "2023.10.24"]
[Round "3"]
[White "Mr_ruthless"]
[Black "Dixit_Nikhil"]
[Result "1-0"]
[WhiteElo "2464"]
[BlackElo "2606"]
[TimeControl "180+1"]
[EndTime "8:26:19 PDT"]
[Termination "Mr_ruthless won on time"]

1. e4 c5 2. Nf3 Nc6 3. d4 cxd4 4. Nxd4 Nf6 5. Nc3 e5 6. Ndb5 d6 7. Bg5 a6 8. Na3 b5 9. Nd5 Be7 10. Bxf6 Bxf6 11. c3 Be6 12. Nc2 Bxd5 13. Qxd5 Ne7 14.
Qd3 d5 15. O-O-O O-O 16. exd5 Nc8 17. d6 Nb6 18. Ne3 Qd7 19. Qf5 Qc6 20. Bd3 e4 21.
Bxe4 1-0

[Event "Early-Titled-Tuesday-Blitz-October-24-2023"]
[Site "Chess.com"]
[Date "2023.10.24"]
[Round "3"]
[White "twitchTriniCupid"]
[Black "Gyulamiryan-koryun"]
[Result "1-0"]
[WhiteElo "2314"]
[BlackElo "1944"]
[TimeControl "180+1"]
[EndTime "8:26:19 PDT"]
[Termination "twitchTriniCupid won by resignation"]

1. d4 Nf6 2. Nf3 d5 3. Bf4 e6 4. e3 c5 5. c3 Nc6 6. Nbd2 Bd6 7.
Bg3 O-O 8. Bd3 c4 9. Bc2 b5 10. a3 a5 11. O-O Bxg3 12. hxg3 Rb8 13. e4 dxe4 14. Nxe4 Bb7 15. Qe2 h6 16. Rfe1 Ne7 17. Nxf6+ gxf6 18. Nd2 Qd5 19. Ne4 Kg7 20. f3 Ng6 21.
Kf2 b4 22. axb4 axb4 23. Nc5 bxc3 24. bxc3 Rfc8 25. Be4 1-0

[Event "Early-Titled-Tuesday-Blitz-October-24-2023"]
[Site "Chess.com"]
[Date "2023.10.24"]
[Round "3"]
[White "DKmirl"]
[Black "Fandorine"]
[Result "0-1"]
[WhiteElo "2289"]
[BlackElo "2917"]
[TimeControl "180+1"]
[EndTime "8:26:21 PDT"]
[Termination "Fandorine won on time"]

1. d4 Nf6 2. Nf3 g6 3. g3 Bg7 4. Bg2 O-O 5. O-O d5 6. c4 dxc4 7. Ne5 Nc6 8. Nxc6 bxc6 9. Bxc6 Bh3 10. Bxa8 Qxa8 11. f3 Bxf1 12. Kxf1 Rd8 13. Na3 c5 14. Nxc4 cxd4 15. Bg5 d3 16. Bxf6 dxe2+ 17. Qxe2 Bxf6 18. Rd1 Rc8 19. b3 Kg7 20. Qe4 Qb8 21. Kg2 Qb4 22.
Qd3 h5 23. Qd7 Qb8 24. Rd2 h4 25. g4 h3+ 26. Kxh3 Rh8+ 27. Kg2 Qxh2+ 28. Kf1 Qh1+ 29. Ke2 Qg2+ 30. Kd3 Qxf3+ 31. Kc2 Qc3+ 32. Kd1 Rh1+ 33.
Ke2 Rh2+ 34. Kd1 Qa1+ 35. Kc2 Qxa2+ 36. Kd3 Qxb3+ 37. Ke4 Qb1+ 38. Qd3 Qh1+ 0-1

[Event "Early-Titled-Tuesday-Blitz-October-24-2023"]
[Site "Chess.com"]
[Date "2023.10.24"]
[Round "3"]
[White "Mr_Lion22"]
[Black "Rodalquilar"]
[Result "0-1"]
[WhiteElo "2491"]
[BlackElo "2759"]
[TimeControl "180+1"]
[EndTime "8:26:22 PDT"]
[Termination "Rodalquilar won by resignation"]

1. d4 d5 2. c4 e6 3. Nc3 a6 4.
cxd5 exd5 5. Bf4 Nf6 6. e3 Bd6 7. Bg3 O-O 8. Bd3 b6 9. Nf3 Bb7 10.
O-O Bxg3 11. hxg3 Nbd7 12. Rc1 Re8 13. b4 Ne4 14. Bxe4 dxe4 15. Nd2 Nf6 16. Qb3 Ng4 17. Ne2 Qd6 18. Nf4 g5 19. Ne2 Bd5 20. Qb2 Re7 21.
Rc3 Qh6 22. Rfc1 Qh2+ 23. Kf1 Rd8 24. Ng1 Rd6 25. Rxc7 Rxc7 26. Rxc7 Rf6 27. Rc8+ Kg7 28. Nxe4 Bxe4 0-1

[Event "Early-Titled-Tuesday-Blitz-October-24-2023"]
[Site "Chess.com"]
[Date "2023.10.24"]
[Round "3"]
[White "Kotofeyca"]
[Black "dimitrisl"]
[Result "1-0"]
[WhiteElo "2416"]
[BlackElo "2561"]
[TimeControl "180+1"]
[EndTime "8:26:22 PDT"]
[Termination "Kotofeyca won by checkmate"]

1. d4 Nf6 2. c4 e6 3. Nf3 d5 4. Nc3 Be7 5. cxd5 exd5 6. Bg5 h6 7. Bh4 O-O 8. Qc2 c6 9. e3 Nbd7 10. Bd3 Re8 11. O-O Ne4 12. Bxe4 dxe4 13. Qxe4 Bxh4 14.
Qxh4 Nf6 15. a3 Bf5 16. Qf4 Bh7 17. Rfd1 g5 18. Qg3 Bf5 19. Ne5 Nh5 20. Qf3 Ng7 21.
g4 Be6 22. Ne4 f5 23. gxf5 Bxf5 24. Ng3 Be6 25. Ng4 Rf8 26. Qe4 h5 27. Nxh5 Bd5 28. Qg6 Qe7 29. Ngf6+ Kh8 30. Qh7# 1-0

[Event "Early-Titled-Tuesday-Blitz-October-24-2023"]
[Site "Chess.com"]
[Date "2023.10.24"]
[Round "3"]
[White "Nbk90"]
[Black "Fh2411"]
[Result "1-0"]
[WhiteElo "2198"]
[BlackElo "2508"]
[TimeControl "180+1"]
[EndTime "8:26:22 PDT"]
[Termination "Nbk90 won by resignation"]

1. d4 d5 2. Nf3 c6 3. c4 Nf6 4. Nc3 dxc4 5. g3 b5 6. Bg2 Bb7 7. O-O e6 8. Ne5 Qc8 9. b3 b4 10. Ne4 c3 11. a3 a5 12. Ng5 Nbd7 13. Ngxf7 Nxe5 14. Nxe5 Bd6 15. Nc4 Bc7 16. e4 O-O 17. e5 Nd5 18. Bh3 Kh8 19. Qg4 Re8 20. Bf4 a4 21.
Qd1 Ba6 22. axb4 Nxb4 23. Rxa4 Bxc4 24. Rxa8 Qxa8 25. bxc4 Qa2 26. Qh5 g6 27. Qh6 Bd8 28.
Bxe6 Nd3 29. Bf7 Nxf4 30. gxf4 1-0

[Event "Early-Titled-Tuesday-Blitz-October-24-2023"]
[Site "Chess.com"]
[Date "2023.10.24"]
[Round "3"]
[White "louis198"]
[Black "artin10862"]
[Result "1-0"]
[WhiteElo "2684"]
[BlackElo "2871"]
[TimeControl "180+1"]
[EndTime "8:26:23 PDT"]
[Termination "louis198 won by resignation"]

1. d4 Nf6 2. Bf4 e6 3. e3 Bd6 4.
Bg3 Bxg3 5. hxg3 d6 6. Bd3 Nbd7 7. Nf3 e5 8. dxe5 dxe5 9. Nc3 Qe7 10. Bf5 g6 11.
Bxd7+ Bxd7 12. Nd5 Qd6 13. Nxf6+ Qxf6 14. Qd5 Bc6 15. Qxe5+ Qxe5 16. Nxe5 Bxg2 17. Rh2 Bd5 18. O-O-O Be6 19. b3 f6 20. Nxg6 Rg8 21. Nf4 Bf5 22. Rd5 Bg6 23. Nxg6 hxg6 24. Rh7 Rd8 25. Rxd8+ Kxd8 26. e4 g5 27. Kd2 Re8 28. Kd3 Re6 29. f4 Rd6+ 30. Ke3 gxf4+ 31. gxf4 b5 32. e5 fxe5 33. fxe5 Ra6 34. Kd4 Rxa2 35. Rh2 a5 36. Kd5 a4 37. bxa4 Rxa4 38. Ke6 Kc8 39. Ke7 Re4 40. e6 Kb7 41. Rh5 Kc6 42. Rh8 Re2 43. Kf7 Rf2+ 44. Ke8 Rxc2 45. e7 Re2 46. Rh6+ Kd5 47.
Kd7 c5 48. Rd6+ Kc4 49. Re6 1-0

[Event "Early-Titled-Tuesday-Blitz-October-24-2023"]
[Site "Chess.com"]
[Date "2023.10.24"]
[Round "3"]
[White "GM_DarwinLaylo"]
[Black "parintele_chess"]
[Result "1-0"]
[WhiteElo "2626"]
[BlackElo "2263"]
[TimeControl "180+1"]
[EndTime "8:26:24 PDT"]
[Termination "GM_DarwinLaylo won on time"]

1. c4 c5 2. Nc3 Nc6 3. g3 g6 4.
Bg2 Bg7 5. d3 Nf6 6. Qd2 O-O 7. b3 b6 8. Bb2 Bb7 9. h4 h5 10. Nd5 Nxd5 11. cxd5 Nb4 12. Bxg7 Kxg7 13. e4 Ba6 14. Bf1 e6 15. a3 Qf6 16. Rd1 exd5 17. axb4 Rae8 18. Bg2 dxe4 19. dxe4 d5 20. Ne2 Bxe2 21. Qxe2 Qc3+ 22. Qd2 Qxb3 23. bxc5 dxe4 24. O-O bxc5 25. Rfe1 f5 26. Rc1 Qb4 27. Qe3 Rc8 28. Red1 Rf7 29. Bf1 a5 30. Rd6 a4 31.
Bc4 Re7 32. Qg5 1-0

[Event "Early-Titled-Tuesday-Blitz-October-24-2023"]
[Site "Chess.com"]
[Date "2023.10.24"]
[Round "3"]
[White "dawid498"]
[Black "IlyaGrigorjev"]
[Result "0-1"]
[WhiteElo "2694"]
[BlackElo "2939"]
[TimeControl "180+1"]
[EndTime "8:26:27 PDT"]
[Termination "IlyaGrigorjev won on time"]

1. e4 e5 2. Nc3 Nc6 3. g3 Bc5 4. Bg2 Nf6 5. d3 O-O 6. Nge2 d6 7. O-O Be6 8. Nd5 Bxd5 9. exd5 Ne7 10. c4 c6 11.
dxc6 Nxc6 12. a3 a5 13. Nc3 Rb8 14. Bg5 h6 15. Bxf6 Qxf6 16. Nd5 Qd8 17. Rb1 Bd4 18. b4 axb4 19. axb4 b5 20. cxb5 Rxb5 21. Qa4 Na7 22. Rbc1 Rb8 23. Rc4 Nb5 24. Rfc1 Qg5 25. R4c2 h5 26.
Kh1 h4 27. Qa6 Bxf2 28. Qc6 hxg3 29. h3 Nd4 0-1

[Event "Early-Titled-Tuesday-Blitz-October-24-2023"]
[Site "Chess.com"]
[Date "2023.10.24"]
[Round "3"]
[White "MagnusCarlsen"]
[Black "vasblesk"]
[Result "1-0"]
[WhiteElo "3267"]
[BlackElo "2773"]
[TimeControl "180+1"]
[EndTime "8:26:30 PDT"]
[Termination "MagnusCarlsen won by checkmate"]

1. a4 e5 2. a5 Bc5 3. e3 d5 4. d4 exd4 5. exd4 Bd6 6. c4 Nf6 7. Nc3 O-O 8. Nf3 Re8+ 9. Be3 Ng4 10.
Qd2 c6 11. Be2 Nxe3 12. fxe3 Be6 13. cxd5 cxd5 14. O-O Nc6 15. a6 b6 16. Bb5 Rc8 17. Rac1 Re7 18. Ng5 Rec7 19. Nxe6 fxe6 20. Qf2 Qe7 21. Qf3 Nd8 22. Rce1 Nf7 23. e4 Ng5 24. Qg4 dxe4 25. h4 Nf7 26. Nxe4 e5 27. Bd7 Rf8 28.
Be6 Bb4 29. Rxf7 Rxf7 30. Rf1 Qd8 31. Rxf7 Rxf7 32. Qf5 Qe7 33. Ng5 g6 34. Qxe5 Kf8 35.
Qh8# 1-0

[Event "Early-Titled-Tuesday-Blitz-October-24-2023"]
[Site "Chess.com"]
[Date "2023.10.24"]
[Round "3"]
[White "blitzking1729"]
[Black "Emp3rador"]
[Result "1-0"]
[WhiteElo "2811"]
[BlackElo "2544"]
[TimeControl "180+1"]
[EndTime "8:26:30 PDT"]
[Termination "blitzking1729 won by resignation"]

1. Nf3 d5 2. g3 Nf6 3. Bg2 c5 4.
O-O e6 5. c4 Be7 6. cxd5 Nxd5 7. d4 cxd4 8. Nxd4 O-O 9. e4 Nb6 10. Nc3 Bd7 11. Qe2 a6 12. Be3 Nc6 13. Rfd1 Qc7 14.
Rac1 Nxd4 15. Bxd4 Bc6 16. Qg4 g6 17. Qe2 Rfd8 18. Bf1 Rd7 19. Qe3 Nc8 20. Qh6 e5 21. Be3 Nd6 22. Nd5 Qd8 23. Nxe7+ Qxe7 24. Bh3 Rdd8 25. Bb6 Rdc8 26. Bxc8 Rxc8 27. Bc5 Rd8 28. Qd2 Qe6 29. f3 1-0

[Event "Early-Titled-Tuesday-Blitz-October-24-2023"]
[Site "Chess.com"]
[Date "2023.10.24"]
[Round "3"]
[White "M_One1126"]
[Black "Eloist"]
[Result "1-0"]
[WhiteElo "2632"]
[BlackElo "2460"]
[TimeControl "180+1"]
[EndTime "8:26:30 PDT"]
[Termination "M_One1126 won on time"]

1. e4 e6 2. d4 d5 3. Nd2 c5 4. exd5 Qxd5 5. Ngf3 cxd4 6. Bc4 Qd6 7. O-O Nf6 8. Nb3 Nc6 9. Nbxd4 Nxd4 10. Nxd4 a6 11. Be2 Qc7 12. Bf3 Bd6 13. g3 h6 14. Qe2 O-O 15. c4 e5 16. Nb3 Be6 17. Nd2 Rfe8 18. b3 Bc5 19. Bb2 Bd4 20. Ne4 Nxe4 21. Bxe4 f5 22. Bg2 Rad8 23. Rad1 Bxb2 24. Qxb2 b5 25. cxb5 axb5 26. Rc1 Qd6 27. Bc6 Rf8 28. Bxb5 f4 29.
Rc6 Qd5 30. Rxe6 Qxe6 31. Bc4 Rd5 32. Re1 e4 33. Qe2 Re8 34. Qxe4 1-0

[Event "Early-Titled-Tuesday-Blitz-October-24-2023"]
[Site "Chess.com"]
[Date "2023.10.24"]
[Round "3"]
[White "Taran2004"]
[Black "Boninknights"]
[Result "1/2-1/2"]
[WhiteElo "2400"]
[BlackElo "2290"]
[TimeControl "180+1"]
[EndTime "8:26:30 PDT"]
[Termination "Game drawn by agreement"]

1. e4 c5 2. Nf3 Nc6 3. Bb5 g6 4. c3 Nf6 5. e5 Nd5 6. O-O Bg7 7. Re1 O-O 8. d4 cxd4 9. cxd4 d6 10. Bxc6 bxc6 11. Nc3 Bg4 12. h3 Bxf3 13. Qxf3 Nxc3 14.
Qxc3 dxe5 15. dxe5 Qd5 16. Bg5 Qe6 17. Rac1 Rfb8 18.
b3 Rb6 19. Qc4 Qxc4 20. Rxc4 Kf8 21. f4 Ke8 22. Rec1 Kd7 23. Rd1+ Ke6 24. Kf2 h6 25. Bh4 g5 26. fxg5 hxg5 27. Bxg5 Bxe5 28. Re1 f6 29. Bf4 Rd8 30. g4 Rd5 31. h4 Ra6 32. a4 Rd3 33. Bxe5 fxe5 34. Re3 Rxe3 35. Kxe3 Kd5 36.
g5 Rb6 37. Rc3 Rb4 38. Rd3+ Ke6 39. Rc3 Rxh4 40. Rxc6+ Kf5 41. g6 Rg4 42. Rc7 Rg3+ 43. Kd2 Rxb3 44. g7 Rg3 45. Rxe7 a5 46. Ra7 Kf6 47.
Rxa5 Rxg7 48. Ke3 1/2-1/2

[Event "Early-Titled-Tuesday-Blitz-October-24-2023"]
[Site "Chess.com"]
[Date "2023.10.24"]
[Round "3"]
[White "WFM_Sara_Adel"]
[Black "subham777"]
[Result "0-1"]
[WhiteElo "2187"]
[BlackElo "2525"]
[TimeControl "180+1"]
[EndTime "8:26:31 PDT"]
[Termination "subham777 won by resignation"]

1. e4 e6 2. d4 d5 3. Nd2 c5 4. Ngf3 cxd4 5. e5 Nc6 6. Bb5 Bd7 7. Bxc6 bxc6 8. Nxd4 c5 9. N4f3 Ne7 10. O-O Ng6 11. Nb3 Be7 12. Bd2 O-O 13. Ba5 Qc8 14. c3 Qa6 15. c4 Bc6 16. cxd5 Bxd5 17. Bc3 Rfd8 18. Qc2 Bxf3 19. gxf3 Rd5 20. Qe4 Rad8 21. f4 Nh4 22.
Rfe1 Nf5 23. Na5 Bf8 24. Nc4 Rd4 25. Bxd4 Rxd4 26. Qa8 Qxc4 27. Red1 h6 28. Rxd4 Qxd4 29. Qf3 Nh4 30. Qe3 Qxb2 31. Rd1 Nf5 32. Qf3 Nd4 33. Qg4 Qxa2 34. Kg2 Qd5+ 35. Kh3 a5 36. Ra1 a4 37. Rxa4 Qb3+ 38. Qg3 Qxa4 39. Kh4 Nf5+ 0-1

[Event "Early-Titled-Tuesday-Blitz-October-24-2023"]
[Site "Chess.com"]
[Date "2023.10.24"]
[Round "3"]
[White "OK97"]
[Black "gueraumasague"]
[Result "1-0"]
[WhiteElo "2773"]
[BlackElo "2493"]
[TimeControl "180+1"]
[EndTime "8:26:35 PDT"]
[Termination "OK97 won on time"]

1. d4 g6 2. e4 Bg7 3. Nc3 c6 4. Be3 d5 5. f3 dxe4 6. fxe4 Nf6 7. Nf3 Ng4 8. Bg1 e5 9. d5 O-O 10. Bc4 Bh6 11. Qe2 b5 12. Bb3 b4 13. Na4 Ba6 14.
Bc4 Qa5 15. Nc5 Bxc4 16. Qxc4 cxd5 17. exd5 Be3 18. Nb3 Qd8 19. Qxg4 Bxg1 20. Rxg1 e4 21. Nfd4 h5 22. Qf4 Qxd5 23. O-O-O Nd7 24. Ne2 Qe6 25. Rd6 Qe7 26. Rgd1 Ne5 27. Qxe4 Rac8 28. Kb1 Rfe8 29. Nf4 1-0

[Event "Early-Titled-Tuesday-Blitz-October-24-2023"]
[Site "Chess.com"]
[Date "2023.10.24"]
[Round "3"]
[White "Tonychess32"]
[Black "kidagent"]
[Result "1-0"]
[WhiteElo "2536"]
[BlackElo "2282"]
[TimeControl "180+1"]
[EndTime "8:26:35 PDT"]
[Termination "Tonychess32 won by resignation"]

1. c4 c6 2. e3 d5 3. Nf3 Nf6 4. d4 e6 5. Nc3 Nbd7 6. Bd3 dxc4 7. Bxc4 b5 8. Bd3 Bb7 9. O-O Bd6 10. e4 e5 11. Bg5 h6 12. Bh4 O-O 13. d5 b4 14.
dxc6 Bxc6 15. Nd5 Bxd5 16. exd5 Qb6 17. Bc4 Rac8 18. b3 e4 19. Nd2 e3 20. fxe3 Qxe3+ 21. Bf2 Qe5 22. Nf3 Qh5 23. h3 Ne4 24. Bd4 Ndf6 25.
Qd3 Rfe8 26. Rfe1 Bc5 27. Bxc5 Nxc5 28. Qd4 Re4 29. Rxe4 Ncxe4 30. Re1 Nd6 31. Qxa7 Nxc4 32. bxc4 Rxc4 33. d6 Qc5+ 34. Qxc5 Rxc5 35. Rd1 Kf8 36. d7 Nxd7 37. Rxd7 Rc2 38. Ra7 Rb2 39. Ne5 b3 40. Rxf7+ Kg8 41. axb3 Rxb3 42. Rc7 Rb5 43. Ng6 Rb2 44.
Kh2 Rb3 45. h4 Rd3 46. g3 h5 47. Nf4 Rd2+ 48. Kh3 Kh7 49. Nxh5 Kg6 50. Nxg7 1-0

[Event "Early-Titled-Tuesday-Blitz-October-24-2023"]
[Site "Chess.com"]
[Date "2023.10.24"]
[Round "3"]
[White "CFN_Good_Evening"]
[Black "GMG"]
[Result "1-0"]
[WhiteElo "1770"]
[BlackElo "2762"]
[TimeControl "180+1"]
[EndTime "8:26:36 PDT"]
[Termination "CFN_Good_Evening won on time"]

1. d4 d5 2. c4 e6 3. Nc3 a6 4.
e4 dxe4 5. Nxe4 Bb4+ 6. Nc3 c5 7.
Ne2 Nf6 8. Qa4+ Bd7 9. Qb3 Nc6 10. dxc5 Bxc5 11. g3 Na5 12. Qc2 Nxc4 13. Bg2 b5 14. b3 Na3 15. Bxa3 Bxa3 16. Bxa8 Qxa8 17. O-O O-O 18. Rad1 e5 19. Ne4 Rc8 20. Nxf6+ gxf6 21. Qd2 Bh3 22. f3 Bc5+ 23. Kh1 Bxf1 24. Rxf1 Rd8 25. Qh6 Qc6 26. Nc3 Bf8 27. Qe3 f5 28. Qg5+ 1-0

[Event "Early-Titled-Tuesday-Blitz-October-24-2023"]
[Site "Chess.com"]
[Date "2023.10.24"]
[Round "3"]
[White "PattyCastillo"]
[Black "Treasurechess777"]
[Result "0-1"]
[WhiteElo "2025"]
[BlackElo "2324"]
[TimeControl "180+1"]
[EndTime "8:26:36 PDT"]
[Termination "Treasurechess777 won on time"]

1. d4 Nf6 2. Nf3 d5 3. e3 Ne4 4.
Bd3 Nd6 5. b3 c6 6. Bb2 g6 7. c4 f6 8. Nbd2 Bg7 9. O-O O-O 10.
Qe2 Nf7 11. e4 e6 12. Rad1 Re8 13. Rfe1 Bd7 14. e5 f5 15. Nf1 g5 16. Ng3 g4 17.
Nd2 Qh4 18. f4 Nh8 19. Qf2 Ng6 20. Rf1 Bh6 21. Ne2 Qe7 22. g3 Bg7 23. Rfe1 Na6 24. a3 Nc7 25. b4 a5 26. b5 cxb5 27. cxd5 Nxd5 28. Nb3 b6 29. Nc3 Nxc3 30. Bxc3 Qxa3 31. Rb1 a4 32. Nc1 Qxc3 0-1

[Event "Early-Titled-Tuesday-Blitz-October-24-2023"]
[Site "Chess.com"]
[Date "2023.10.24"]
[Round "3"]
[White "GeorgiosSouleidis"]
[Black "Cheer_Down"]
[Result "1-0"]
[WhiteElo "2617"]
[BlackElo "2441"]
[TimeControl "180+1"]
[EndTime "8:26:38 PDT"]
[Termination "GeorgiosSouleidis won by resignation"]

1. e4 e5 2. Nc3 Nf6 3. d4 exd4 4. Qxd4 Nc6 5. Qd3 Bb4 6. Bd2 O-O 7. O-O-O Re8 8. Nge2 d6 9. Bg5 h6 10. Bxf6 Qxf6 11.
Nd5 Qd8 12. Nxb4 Nxb4 13. Qd2 Nc6 14. Nc3 Be6 15. f4 f5 16. exf5 Bxf5 17. Bc4+ Kh8 18. h3 Qd7 19. g4 Be6 20. Bxe6 Qxe6 21. Nd5 Rac8 22. f5 Qf7 23. Rhe1 Ne5 24. Kb1 Nc4 25. Qd4 Nb6 26. Nf4 Rxe1 27. Rxe1 Re8 28. Rxe8+ Qxe8 29. Ne6 Qe7 30. b3 c5 31. Qd3 d5 32. Qg3 Qe8 33.
Qc7 Qd7 34. Qxc5 Nc8 35. Qf8+ Kh7 36. h4 Nd6 37. Qb8 Qe7 38. Nf8+ Kg8 39. Ng6+ Kf7 40.
Nxe7 1-0

[Event "Early-Titled-Tuesday-Blitz-October-24-2023"]
[Site "Chess.com"]
[Date "2023.10.24"]
[Round "3"]
[White "rachidhuilda"]
[Black "THE_PLAYER6"]
[Result "0-1"]
[WhiteElo "2372"]
[BlackElo "2564"]
[TimeControl "180+1"]
[EndTime "8:26:38 PDT"]
[Termination "THE_PLAYER6 won by checkmate"]

1. d4 Nf6 2. Bg5 d5 3. Bxf6 gxf6 4. c4 e6 5. Nc3 Bb4 6. e3 c5 7. Ne2 Nc6 8. cxd5 exd5 9. g3 Bg4 10. Bg2 cxd4 11. exd4 Bxc3+ 12. bxc3 O-O 13. O-O Re8 14. Re1 Qa5 15. Qd3 Bxe2 16. Rxe2 Rxe2 17. Qxe2 Qxc3 18. Qg4+ Kh8 19. Rd1 Rg8 20. Qf4 Rg6 21. Bxd5 Kg7 22. Qc7 Qc2 23. Qxf7+ Kh6 24. Qf8+ Kg5 25.
h4+ Kg4 26. Re1 Nxd4 27. Re4+ Kh3 28. Re1 Ne2+ 29. Kf1 Rxg3 30. Be6+ Kh2 31. Qd6 Qe4 32. Qxg3+ Nxg3+ 33. fxg3 Qg2# 0-1

[Event "Early-Titled-Tuesday-Blitz-October-24-2023"]
[Site "Chess.com"]
[Date "2023.10.24"]
[Round "3"]
[White "krzyzan94"]
[Black "Firouzja2003"]
[Result "0-1"]
[WhiteElo "2772"]
[BlackElo "3097"]
[TimeControl "180+1"]
[EndTime "8:26:40 PDT"]
[Termination "Firouzja2003 won by resignation"]

1. e4 d6 2. d4 Nf6 3. Nc3 g6 4. f4 c5 5. dxc5 Qa5 6. Qe2 Qxc5 7. Qb5+ Nbd7 8. Nf3 Bg7 9. Qxc5 Nxc5 10. Bd3 Bd7 11.
h3 Bc6 12. e5 dxe5 13. Nxe5 Nxd3+ 14. cxd3 Bxg2 15. Rh2 Bd5 16. Be3 Be6 17. Nb5 Nd5 18.
Kd2 Bxe5 19. fxe5 O-O 20. Rc1 Rfc8 21. Rxc8+ Rxc8 22. Nxa7 Ra8 23. Bd4 b6 24. Nb5 Rxa2 25. Rh1 Ra4 26. Bc3 Ra1 27. Rxa1 Bxh3 28. e6 f6 29. Ra8+ Kg7 30. Nd4 Bg2 31. Rd8 h5 32. Ne2 h4 33. Ng1 g5 34. Ke2 g4 35. Kf2 Nf4 36.
Rd7 g3+ 37. Ke3 Ng6 38. Nf3 h3 39. Bd4 h2 40. Bxf6+ Kxf6 41. Rd8 h1=Q 42. Nd2 Qe1+ 43. Kd4 Qxd2 44. Kc4 Qc2+ 0-1

[Event "Early-Titled-Tuesday-Blitz-October-24-2023"]
[Site "Chess.com"]
[Date "2023.10.24"]
[Round "3"]
[White "Mistango"]
[Black "rajesh1464"]
[Result "1-0"]
[WhiteElo "2538"]
[BlackElo "2315"]
[TimeControl "180+1"]
[EndTime "8:26:40 PDT"]
[Termination "Mistango won on time"]

1. e4 c5 2. d4 cxd4 3. c3 d3 4. c4 d2+ 5. Qxd2 Nf6 6. Nc3 d6 7. Bd3 g6 8. Nge2 Bg7 9. f3 Nc6 10. O-O O-O 11. Qd1 Qb6+ 12. Kh1 Be6 13. Nf4 Rac8 14.
Bd2 Ne5 15. b3 Nxd3 16. Nxd3 Nh5 17. Rc1 Bd4 18. Nf4 Qc5 19. Ncd5 Bxd5 20. Nxd5 e6 21. Bb4 exd5 22. Bxc5 dxc5 23. cxd5 f5 24. Rc4 fxe4 25.
Rxd4 cxd4 26. Qxd4 exf3 27. gxf3 Nf4 28. Re1 Rcd8 29.
d6 Rf7 30. Re7 Rc8 31. Qd2 1-0

[Event "Early-Titled-Tuesday-Blitz-October-24-2023"]
[Site "Chess.com"]
[Date "2023.10.24"]
[Round "3"]
[White "GroovyKettle"]
[Black "Daffidollchess2"]
[Result "1-0"]
[WhiteElo "2973"]
[BlackElo "2702"]
[TimeControl "180+1"]
[EndTime "8:26:41 PDT"]
[Termination "GroovyKettle won by resignation"]

1. e4 c5 2. Nf3 Nc6 3. d4 cxd4 4. Nxd4 Qc7 5. Nc3 e6 6. f4 a6 7. Nxc6 Qxc6 8. Bd3 b5 9. Qe2 Bb7 10. Bd2 b4 11. Nd5 Nf6 12. Nxf6+ gxf6 13. O-O-O Be7 14.
g4 Rc8 15. Kb1 a5 16. h4 a4 17. g5 a3 18. b3 Qb6 19. Bc1 Qc5 20. Rh2 Qc3 21. Bb5 Bc6 22. Bxc6 Rxc6 23. gxf6 Bxf6 24. e5 Be7 25. Rd3 Qc5 26. Qg4 h5 27. Qg7 Rf8 28. Rhd2 Rc7 29. Qh7 f6 30. Qxh5+ Kd8 31. Qg4 Kc8 32.
Rd4 fxe5 33. Rc4 Qb6 34. fxe5 Rf1 35. Rdd4 Kb8 36. Rxb4 Bxb4 37. Rxb4 1-0